 Dungeon Crawl Stone Soup version 0.15.2 (webtiles) character file.

7147 Gartch the Unseen (level 10, -2/44 HPs)
             Began as a Spriggan Enchanter on Jan 23, 2015.
             Was an Elder of Makhleb.
             Shot with a poisoned arrow by Nessos (21 damage)
             ... on Level 11 of the Dungeon on Jan 25, 2015.
             The game lasted 03:09:10 (13721 turns).

Gartch the Unseen (Spriggan Enchanter)             Turns: 13721, Time: 03:09:10

HP  -2/44        AC  9     Str  4      XL: 10   Next: 86%
MP  18/30        EV 25     Int 21      God: Makhleb [****..]
Gold 401         SH  0     Dex 16      Spells:  3 memorised, 18 levels left

rFire  . . .     SeeInvis +     a - +2 dagger
rCold  . . .     Clarity  .     b - +2 robe
rNeg   . . .     rCorr    .     (shield restricted)
rPois  .         rRot     .     (helmet restricted)
rElec  .         Spirit   .     (no cloak)
SustAb .         Warding  .     (gloves unavailable)
rMut   .         Stasis   .     (boots unavailable)
Gourm  .                        (no amulet)
MR     ++...                    V - ring of protection from magic
                                S - +5 ring of protection

@: very slightly contaminated, very quick, very resistant to hostile
enchantments, extremely stealthy
A: unfitting armour, see invisible, herbivore 3, speed 3, slow metabolism 2
a: Minor Destruction, Lesser Servant of Makhleb, Major Destruction, Renounce
Religion


You were on level 11 of the Dungeon.
You worshipped Makhleb.
Makhleb was greatly pleased with you.
You were not hungry.

You visited 2 branches of the dungeon, and saw 12 of its levels.

You collected 401 gold pieces.

Inventory:

Hand weapons
 a - a +2 dagger (weapon)
 g - a +0 hunting sling
 Z - a cursed -2 blowgun
Missiles
 i - 86 stones (quivered)
 l - 10 silver bolts
 u - 2 throwing nets
 v - 82 arrows
 y - 84 poisoned needles
 G - 45 bolts
 I - 8 sling bullets of flame
 K - 8 sling bullets
 P - 12 poisoned bolts
 U - 5 steel sling bullets
 Y - 10 arrows of flame
Armour
 b - a +2 robe (worn)
 R - a +0 buckler
Magical devices
 T - a wand of frost (16) {unknown}
Comestibles
 j - 9 bread rations
 F - a royal jelly
 N - 18 fruits
Scrolls
 e - 11 scrolls of teleportation
 k - a scroll of magic mapping
 m - 4 scrolls of immolation
 n - 4 scrolls of remove curse
 r - a scroll of recharging
 A - a scroll of enchant armour
 C - 3 scrolls of enchant weapon
 J - a scroll of amnesia
Jewellery
 o - an uncursed ring of flight
 s - an uncursed ring of protection from cold
 t - an uncursed ring of poison resistance
 B - a +1 ring of intelligence
 H - a +2 ring of evasion
 L - a +3 ring of protection
 O - an uncursed ring of wizardry {unknown}
 S - a +5 ring of protection (left hand)
 V - a ring of protection from magic (right hand)
 X - a +3 ring of strength
Potions
 d - 2 potions of porridge
 f - 2 potions of restore abilities
 p - a potion of resistance
 q - 4 potions of agility
 w - a potion of beneficial mutation
 x - 2 potions of magic
 z - 7 potions of curing
 E - 5 potions of might
 M - a potion of heal wounds
 Q - 2 potions of flight
Books
 c - a book of Maledictions

   Spells                             Type                      Level
   Corona                             Hexes                        1
   Sure Blade                         Hexes/Charms                 2
   *Ensorcelled Hibernation           Hexes/Ice                    2
   Confuse                            Hexes                        3
   *Dazzling Spray                    Conjuration/Hexes            3
   *Enslavement                       Hexes                        4
 h - a book of Necromancy

   Spells                             Type                      Level
   Pain                               Necromancy                   1
   Animate Skeleton                   Necromancy                   1
   Vampiric Draining                  Necromancy                   3
   Regeneration                       Charms/Necromancy            3
   Animate Dead                       Necromancy                   4
   Control Undead                     Necromancy                   4
 W - a book of Summonings

   Spells                             Type                      Level
   Abjuration                         Summoning                    3
   Recall                             Summoning/Translocation      3
   Shadow Creatures                   Summoning                    5
   Summon Demon                       Summoning                    5
   Summon Forest                      Summoning/Translocation      5
   Monstrous Menagerie                Summoning                    6
Magical staves
 D - an uncursed staff of summoning {unknown}


   Skills:
 * Level 0.1 Fighting
 - Level 8.0 Short Blades
 - Level 10.1 Dodging
 - Level 15.0 Stealth
 - Level 9.1 Spellcasting
 - Level 1.4 Conjurations
 - Level 7.1 Hexes


You had 18 spell levels left.
You knew the following spells:

 Your Spells              Type           Power        Failure   Level  Hunger
b - Ensorcelled Hibernat  Hex/Ice        ###...       2%          2    None
c - Dazzling Spray        Conj/Hex       ####....     3%          3    None
d - Enslavement           Hex            #####...     4%          4    ##.....


Dungeon Overview and Level Annotations

Branches:
Dungeon (11/15)            Temple (1/1) D:6
    Orc: D:9-12        Lair: D:8-11

Altars:
Ashenzari
Cheibriados
Dithmenos
Elyvilon
Fedhas
Kikubaaqudgha
Makhleb
Nemelex Xobeh
Qazlal
Vehumet
Yredelemnul
Zin

Annotations:
D:2 Sigmund, Terence
D:6 Edmund
D:11 Nessos


Innate Abilities, Weirdness & Mutations

You are tiny and cannot use many weapons and most armour.
You have supernaturally acute eyesight.
You are a herbivore.
You cover ground extremely quickly.
You need consume almost no food.


Message History

Nessos shoots a poisoned arrow.
The poisoned arrow barely misses you.
Nessos shoots a poisoned arrow.
The poisoned arrow hits you! The poisoned arrow burns you.
You are poisoned.
You see here a poisoned arrow.
As you read the scroll of teleportation, it crumbles to dust.
You feel strangely unstable.
You feel sick.
Nessos shoots a poisoned arrow.
The poisoned arrow completely misses you.
Nessos shoots a poisoned arrow.
The poisoned arrow completely misses you.
You see here a poisoned arrow.
You feel sick.
You feel sick.
Your surroundings suddenly seem different.
You feel sick.
Nessos shoots a poisoned arrow.
The poisoned arrow closely misses you.
You feel better.
Nessos intently looks at you, slowly moving his tail.
Nessos shoots a poisoned arrow.
The poisoned arrow hits you!!
You die...

.# .# ## .. .# .....
.# #####.....≈ .#
#########.......... .#
#........$......... .#
#.............##.. .#
#......=......#
.######.....c...@.%(##
......((..(...(......#
#######...(..........#
######....(.........#
#...................#
#........##########...
#........# ##
#........# #........#


You could see Nessos.

Vanquished Creatures
  2 unseen horrors (D:11)
  An ugly thing (D:11)
  A cyclops (D:11)
  A centaur zombie (D:10)
  2 wandering mushrooms (D:10)
  A two-headed ogre (D:10)
  A shadow (D:11)
  3 hungry ghosts
  2 ice beasts
  A tengu zombie (D:10)
  3 orc warriors
  A water moccasin (D:7)
  4 sky beasts
  A black bear (D:8)
  A big kobold (D:8)
  2 ogres
  A crocodile (D:8)
  3 centaurs
  A gnoll sergeant (D:7)
  2 giant frogs
  Blork the orc (D:4)
  A wyvern zombie (D:8)
  2 scorpions
  2 oklob saplings (D:10)
  A hippogriff zombie (D:11)
  2 yak zombies
  2 crimson imps
  9 hounds
  A basilisk zombie (D:10)
  A goliath beetle (D:7)
  3 jellies
  A quasit (D:6)
  3 orc priests
  4 worker ants
  5 iguanas
  7 orc wizards
  10 adders
  17 gnolls
  2 shadow imps
  2 giant mites
  A worm (D:2)
  3 orc zombies
  An iguana zombie (D:6)
  3 giant geckos
  51 orcs
  17 hobgoblins
  8 jackals
  21 kobolds
  10 quokkas
  20 bats
  3 giant cockroaches
  5 giant newts
  10 goblins
  A hobgoblin zombie (D:6)
  A quokka zombie (D:5)
  13 rats
278 creatures vanquished.

Notes
Turn   | Place    | Note
--------------------------------------------------------------
     0 | D:1      | Gartch, the Spriggan Enchanter, began the quest for the Orb.
     0 | D:1      | Reached XP level 1. HP: 9/9 MP: 4/4
   553 | D:1      | Reached XP level 2. HP: 13/13 MP: 6/8
   586 | D:1      | Learned a level 2 spell: Ensorcelled Hibernation
  1297 | D:2      | Reached XP level 3. HP: 16/16 MP: 6/12
  1386 | D:2      | Noticed Sigmund
  1465 | D:2      | Found a blossoming altar of Fedhas.
  1470 | D:2      | Noticed Terence
  1636 | D:2      | Found a white marble altar of Elyvilon.
  2201 | D:3      | Reached skill level 5 in Spellcasting
  2492 | D:3      | Reached XP level 4. HP: 18/21 MP: 4/17
  3533 | D:4      | Reached skill level 5 in Hexes
  3555 | D:4      | Reached XP level 5. HP: 18/24 MP: 12/19
  3742 | D:4      | Reached skill level 5 in Stealth
  4250 | D:4      | Reached skill level 6 in Hexes
  4319 | D:4      | Noticed a scorpion
  4327 | D:4      | Killed a scorpion
  4327 | D:4      | Reached XP level 6. HP: 28/28 MP: 18/21
  4328 | D:4      | Noticed Blork the orc
  4447 | D:4      | Noticed a phantom
  4680 | D:5      | Entered Level 5 of the Dungeon
  5096 | D:5      | Found a shadowy altar of Dithmenos.
  5202 | D:4      | Killed Blork the orc
  5202 | D:4      | Reached XP level 7. HP: 25/32 MP: 11/22
  5492 | D:5      | Reached skill level 5 in Short Blades
  5750 | D:5      | Reached skill level 7 in Stealth
  5799 | D:5      | Learned a level 3 spell: Dazzling Spray
  5818 | D:5      | Learned a level 4 spell: Enslavement
  5892 | D:5      | Reached skill level 8 in Stealth
  6487 | D:6      | Reached skill level 1 in Conjurations
  6756 | D:6      | Noticed Edmund
  6909 | D:6      | Found a staircase to the Ecumenical Temple.
  7087 | D:5      | Reached XP level 8. HP: 31/36 MP: 24/24
  7183 | Temple   | Entered the Ecumenical Temple
  7283 | Temple   | Became a worshipper of Makhleb the Destroyer
  9480 | D:6      | Reached skill level 5 in Dodging
  9908 | D:7      | Acquired Makhleb's first power
 10096 | D:7      | Found a shadowy altar of Dithmenos.
 10266 | D:7      | Reached skill level 9 in Spellcasting
 10266 | D:7      | Reached XP level 9. HP: 39/39 MP: 24/29
 10552 | D:7      | Acquired Makhleb's second power
 10634 | D:8      | Reached skill level 10 in Stealth
 10946 | D:8      | Reached skill level 11 in Stealth
 11193 | D:8      | Reached skill level 12 in Stealth
 11532 | D:9      | Reached skill level 13 in Stealth
 11674 | D:9      | Acquired Makhleb's third power
 12329 | D:10     | Entered Level 10 of the Dungeon
 12585 | D:10     | Noticed a centaur zombie
 12598 | D:10     | Killed a centaur zombie
 12598 | D:10     | Reached XP level 10. HP: 44/44 MP: 30/30
 12674 | D:10     | Found a blossoming altar of Fedhas.
 12857 | D:10     | Acquired Makhleb's fourth power
 13415 | D:11     | Noticed a cyclops
 13508 | D:11     | Noticed an unseen horror
 13517 | D:11     | Killed an unseen horror
 13522 | D:11     | Noticed an unseen horror
 13523 | D:11     | Reached skill level 10 in Dodging
 13528 | D:11     | Killed an unseen horror
 13528 | D:11     | Reached skill level 14 in Stealth
 13556 | D:11     | Killed a cyclops
 13607 | D:11     | Noticed a purple ugly thing
 13611 | D:11     | Killed a purple ugly thing
 13611 | D:11     | Reached skill level 15 in Stealth
 13689 | D:11     | Noticed Nessos
 13721 | D:11     | Shot with a poisoned arrow by Nessos

Action                   |  1- 3 |  4- 6 |  7- 9 | 10-12 || total
-------------------------+-------+-------+-------+-------++-------
Melee: Dagger            |   131 |   169 |   719 |   110 ||  1129
 Fire: Hunting sling     |     3 |    18 |       |       ||    21
 Cast: Corona            |    12 |       |       |       ||    12
       Ensorcelled Hiber |    14 |    48 |    67 |     9 ||   138
       Dazzling Spray    |       |       |    18 |     2 ||    20
  Use: Scroll            |       |     1 |    18 |     3 ||    22
       Potion            |       |       |       |     1 ||     1
 Stab: Sleeping          |    18 |    42 |    64 |    17 ||   141
       Distracted        |       |     1 |     7 |     2 ||    10
       Invisible         |       |       |    10 |       ||    10
  Eat: Fruit             |       |     1 |     2 |       ||     3
       Pizza             |       |       |     2 |       ||     2
       Bread ration      |       |       |     2 |       ||     2
